 Dungeon Crawl Stone Soup version 0.28.0-43-g3370ac3207 (webtiles) character file.

Game seed: 4473400278314183963

370 Ablot the Grasshopper (level 6, -4/51 HPs)
             Began as a Gnoll Warper on Mar 6, 2022.
             Slain by Sigmund
             ... wielding a +0 scythe
              (7 damage)
             ... on level 4 of the Dungeon.
             The game lasted 00:06:19 (3986 turns).

Ablot the Grasshopper (Gnoll Warper)                Turns: 3986, Time: 00:06:19

Health: -4/51      AC:  7    Str: 15    XL:     6   Next: 70%
Magic:  23/23      EV: 13    Int: 12    God:
Gold:   194        SH:  0    Dex: 12    Spells: 13/15 levels left

rFire   . . .      SeeInvis .   a - +0 spear
rCold   . . .      Faith    .   (no shield)
rNeg    . . .      Spirit   .   b - +0 leather armour of Negation {rCorr MP+9 Str+3 Stlth+}
rPois   .          Reflect  .   (no helmet)
rElec   .          Harm     .   (no cloak)
rCorr   +          Rampage  .   (no gloves)
Will    .....                   (no boots)
Stlth   +++.......              (no amulet)
HPRegen 0.17/turn               l - +4 ring of protection
MPRegen 0.18/turn               (no ring)

@: no status effects
A: fangs 1, strong nose, distributed training
a: no special abilities


You were on level 4 of the Dungeon.
You visited 1 branch of the dungeon, and saw 4 of its levels.

You collected 194 gold pieces.

Inventory:

Hand Weapons
 a - a +0 spear (weapon)
 g - a +0 antimagic dagger
Missiles
 d - 5 boomerangs of dispersal
 j - 28 stones
 m - 44 bolts
 o - 57 arrows
 t - 5 javelins
 u - a poisoned dart (quivered)
Armour
 b - the +0 leather armour of Negation (worn) {rCorr MP+9 Str+3 Stlth+}
   (You found it on level 2 of the Dungeon)

   Str:       It affects your strength (+3).
   MP:        It affects your magic capacity (+9).
   rCorr:     It protects you from acid and corrosion.
   Stlth:     It makes you more stealthy.
Jewellery
 l - a +4 ring of protection (left hand)
 s - a ring of fire
Scrolls
 c - a scroll of blinking
 e - 2 scrolls of acquirement {unknown}
 f - a scroll of fear {unknown}
 h - a scroll of immolation
 i - 2 scrolls of teleportation {unknown}
 w - a scroll of vulnerability {unknown}
Potions
 k - a potion of flight {unknown}
 n - a potion of curing {unknown}
 p - 2 potions of magic {unknown}
 q - a potion of lignification {unknown}
 r - a potion of heal wounds {unknown}
 v - 2 potions of might {unknown}


   Skills:
 + Level 5.0 Fighting
 + Level 2.1 Short Blades
 + Level 2.1 Long Blades
 + Level 2.1 Axes
 + Level 2.1 Maces & Flails
 + Level 5.0 Polearms
 + Level 2.1 Staves
 + Level 2.1 Slings
 + Level 2.1 Bows
 + Level 2.1 Crossbows
 + Level 3.3 Throwing
 + Level 3.3 Armour
 + Level 5.0 Dodging
 + Level 2.1 Stealth
 + Level 2.1 Shields
 + Level 2.1 Unarmed Combat
 + Level 5.4 Spellcasting
 + Level 1.6 Conjurations
 + Level 1.6 Hexes
 + Level 1.6 Summonings
 + Level 1.6 Necromancy
 + Level 5.7 Translocations
 + Level 1.6 Transmutations
 + Level 1.6 Fire Magic
 + Level 1.6 Ice Magic
 + Level 1.6 Air Magic
 + Level 1.6 Earth Magic
 + Level 1.6 Poison Magic
 + Level 2.3 Invocations
 + Level 2.1 Evocations


You had 13 spell levels left.
You knew the following spells:

 Your Spells              Type           Power      Damage    Failure   Level
a - Blink                 Tloc           34%        N/A       3%          2

Your spell library contained the following spells:

 Spells                   Type           Power      Damage    Failure   Level
 Gell's Gravitas          Tloc           17%        N/A       7%          3
 Lesser Beckoning         Tloc           17%        N/A       7%          3
 Teleport Other           Tloc           17%        N/A       7%          3
 Manifold Assault         Tloc           17%        N/A       52%         5


Dungeon Overview and Level Annotations

Branches:
Dungeon (4/15)
 Temple: D:4-7

Altars:

Shops:
D:2 [

Annotations:
D:2 exclusion: black bear
D:4 Sigmund


Innate Abilities, Weirdness & Mutations

You have very sharp teeth.
Your uncanny sense of smell can sniff out nearby items.
Your experience applies equally to all skills.


Message History

You're too confused to move!
Something hits you!
You feel less confused.
You hit something. Something completely misses you.
You hit something. You closely miss something. You bite something.
Something hits you.
You hit something. Your bite misses something. You completely miss something.
Something hits you.
You hit something but do no damage. Something hits you.
You hit something. You miss something. Your bite misses something.
Something hits you.
You closely miss something. You hit something. Something barely misses you.
You barely miss something. You hit something but do no damage.
Something hits you.
You hit something but do no damage. Your bite misses something.
You closely miss something. Something hits you!
You closely miss something. Something hits you.
You barely miss something. You miss something. Something barely misses you.
You hit something but do no damage. You hit something but do no damage.
Your punch misses something. Something barely misses you.
You closely miss something. Something hits you!
* * * LOW HITPOINT WARNING * * *
You hit something but do no damage. You hit something. You bite something.
You hear some strange, mumbled words.
You are confused.
You completely miss something. Something completely misses you.
Something hits you.
* * * LOW HITPOINT WARNING * * *
Something hits you.
* * * LOW HITPOINT WARNING * * *
You're too confused to move!
You bump into the rock wall.
Something hits you.
* * * LOW HITPOINT WARNING * * *
You bump into the rock wall.
You feel less confused. Something hits you!
You die...

#.##.#########.# ### #.#
#.##.........#.## #.#
#..#.###≈### ..(# #..
#....#.#≈#.# ...# ###
#..###.#≈#.###..###..# #
#......#≈#............ #
#..###.#≈#.###{# #. #
#<...#.#≈#.#...# #. #
#.##.###≈###.@.# #. #
#.##..........## #. #
#.##..####...########.###### #
#.##.## ##...........<..>.###
#.##.#####.....######.........
#..............###############
##########.........###########
##...####............ #####
#############


There were no monsters in sight!

Vanquished Creatures
  An ogre (D:4)
  A bullfrog zombie (D:3)
  2 bullfrog skeletons (D:4)
  An iguana (D:4)
  An orc wizard (D:3)
  5 adders
  A river rat (D:3)
  A dart slug (D:4)
  A worm (D:3)
  4 orcs
  8 bats
  4 endoplasms
  2 giant cockroaches (D:1)
  5 hobgoblins
  11 jackals
  4 quokkas
  4 ball pythons
  A frilled lizard (D:1)
  7 goblins
  5 kobolds
  14 rats
83 creatures vanquished.

Vanquished Creatures (others)
  4 plants
4 creatures vanquished.

Grand Total: 87 creatures vanquished

Notes
Turn   | Place    | Note
-------+----------+-------------------------------------------
     0 | D:1      | Ablot the Gnoll Warper began the quest for the Orb.
     0 | D:1      | Reached XP level 1. HP: 20/20 MP: 6/6
   215 | D:1      | Reached XP level 2. HP: 24/26 MP: 7/7
   220 | D:1      | Learned a level 2 spell: Blink
   396 | D:1      | Found a faded altar of an unknown god.
   737 | D:1      | Reached XP level 3. HP: 26/31 MP: 9/9
   857 | D:1      | Reached skill level 5 in Spellcasting
  1213 | D:2      | Identified the +0 leather armour of Negation {rCorr MP+9
                  | Str+3 Stlth+}
  1219 | D:2      | Reached skill level 1 in Invocations
  1321 | D:2      | Noticed a black bear
  1330 | D:2      | Found Zybutupp's Armour Emporium.
  1738 | D:3      | Reached skill level 1 in Short Blades
  1738 | D:3      | Reached skill level 1 in Long Blades
  1738 | D:3      | Reached skill level 1 in Axes
  1738 | D:3      | Reached skill level 1 in Maces & Flails
  1738 | D:3      | Reached skill level 1 in Staves
  1738 | D:3      | Reached skill level 1 in Slings
  1738 | D:3      | Reached skill level 1 in Bows
  1738 | D:3      | Reached skill level 1 in Crossbows
  1738 | D:3      | Reached skill level 1 in Stealth
  1738 | D:3      | Reached skill level 1 in Shields
  1738 | D:3      | Reached skill level 1 in Unarmed Combat
  1738 | D:3      | Reached skill level 1 in Evocations
  1758 | D:3      | Reached XP level 4. HP: 38/38 MP: 11/11
  1958 | D:3      | Reached skill level 1 in Conjurations
  1958 | D:3      | Reached skill level 1 in Hexes
  1958 | D:3      | Reached skill level 1 in Summonings
  1958 | D:3      | Reached skill level 1 in Necromancy
  1958 | D:3      | Reached skill level 1 in Transmutations
  1958 | D:3      | Reached skill level 1 in Fire Magic
  1958 | D:3      | Reached skill level 1 in Ice Magic
  1958 | D:3      | Reached skill level 1 in Air Magic
  1958 | D:3      | Reached skill level 1 in Earth Magic
  1958 | D:3      | Reached skill level 1 in Poison Magic
  2296 | D:3      | Reached XP level 5. HP: 27/43 MP: 12/12
  3301 | D:4      | Reached XP level 6. HP: 48/50 MP: 13/13
  3378 | D:4      | Reached skill level 5 in Fighting
  3378 | D:4      | Reached skill level 5 in Polearms
  3378 | D:4      | Reached skill level 5 in Dodging
  3948 | D:4      | Noticed Sigmund
  3986 | D:4      | Slain by Sigmund

Illustrated notes

Levels and vault maps discovered:
D:1:      onia_arrival_mini_maze, layout_basic,
          hellmonk_ecumenical_altar_blasted
D:2:      layout_rooms, serial_shops, nicolae_shop_waterfront
D:3:      layout_loops_ring, portal_sewer_entry_e, serial_forest,
          infiniplex_forest_lined_4_way, infiniplex_forest_straight_2,
          infiniplex_forest_lined_ring, infiniplex_forest_clump_medium
D:4:      layout_loops_ring, minmay_misc_feat_rows, grunt_decor_cap, uniq_ijyb,
          uniq_sigmund

Skill      XL: |  1  2  3  4  5  6 |
---------------+-------------------+-----
Spellcasting   | 5 |  5.4
Invocations    | 1 2 |  2.3
Short Blades   | 1 2 |  2.1
Long Blades    | 1 2 |  2.1
Axes           | 1 2 |  2.1
Maces & Flails | 1 2 |  2.1
Staves         | 1 2 |  2.1
Slings         | 1 2 |  2.1
Bows           | 1 2 |  2.1
Crossbows      | 1 2 |  2.1
Stealth        | 1 2 |  2.1
Shields        | 1 2 |  2.1
Unarmed Combat | 1 2 |  2.1
Evocations     | 1 2 |  2.1
Conjurations   | 1 |  1.6
Hexes          | 1 |  1.6
Summonings     | 1 |  1.6
Necromancy     | 1 |  1.6
Transmutations | 1 |  1.6
Fire Magic     | 1 |  1.6
Ice Magic      | 1 |  1.6
Air Magic      | 1 |  1.6
Earth Magic    | 1 |  1.6
Poison Magic   | 1 |  1.6
Throwing       | 3 |  3.3
Armour         | 3 |  3.3
Fighting       | 5 |  5.0
Polearms       | 5 |  5.0
Dodging        | 5 |  5.0
Translocations | |  5.7

Action                   |  1- 3 |  4- 6 || total
-------------------------+-------+-------++-------
Melee: Spear             |   200 |   223 ||   423
       Bite              |    16 |    16 ||    32
       Punch             |     1 |     3 ||     4
Throw: Dart              |       |     4 ||     4
       Javelin           |       |     4 ||     4
 Cast: Blink             |       |     3 ||     3
 Stab: Sleeping          |     2 |    10 ||    12
       Distracted        |     1 |       ||     1
Armor: Leather armour    |    51 |    52 ||   103
Dodge: Dodged            |    90 |   105 ||   195
